 Dungeon Crawl Stone Soup version 0.30-a0-711-gf4ac18a38d (webtiles) character file.

Game seed: 12936127169582214056

487 holysushi the Conjurer (level 7, -6/45 HPs)
             Began as an Octopode Conjurer on Jan 22, 2023.
             Mangled by Pikel
             ... wielding a +2 whip of freezing
              (9 damage)
             ... on level 4 of the Dungeon.
             The game lasted 00:05:33 (3704 turns).

holysushi the Conjurer (Octopode Conjurer)          Turns: 3704, Time: 00:05:34

Health: -6/45      AC:  1    Str:  7    XL:     7   Next: 13%
Magic:  8/13       EV: 13    Int: 20    God:
Gold:   165        SH:  0    Dex: 12    Spells: 4/14 levels left

rFire   + . .      SeeInvis .    d - +0 rapier (speed)
rCold   + . .      Faith    .    (no shield)
rNeg    . . .      Spirit   .    (helmet restricted)
rPois   +          Reflect  .    h - amulet of magic regeneration
rElec   +          Harm     .    (no ring)
rCorr   +          Rampage  .    (no ring)
Will    .....                    (no ring)
Stlth   +++                      (no ring)
HPRegen 0.27/turn                (no ring)
MPRegen 0.53/turn                (no ring)
                                 (no ring)
                                 (no ring)

@: resistant
A: almost no armour, amphibious, 8 rings, camouflage 1, gelatinous body 1,
(nimble swimmer 1), tentacles
a: no special abilities


You were on level 4 of the Dungeon.
You visited 2 branches of the dungeon, and saw 5 of its levels.

You collected 165 gold pieces.

Inventory:

Hand Weapons
 d - a +0 rapier of speed (weapon)
Jewellery
 h - an amulet of magic regeneration (around mantle)
 p - a ring of protection from cold
Scrolls
 b - 2 scrolls of identify {unknown}
 c - a scroll of summoning
 e - a scroll of enchant weapon {unknown}
 f - 3 scrolls of magic mapping {unknown}
 g - 2 scrolls of noise {unknown}
 i - a scroll of teleportation {unknown}
 j - a scroll of fog {unknown}
 l - a scroll of immolation {unknown}
 n - a scroll of enchant armour {unknown}
 q - a scroll of amnesia {unknown}
Potions
 a - a potion of magic
 m - a potion of flight {unknown}
 o - 2 potions of mutation {unknown}


   Skills:
 - Level 2.0 Fighting
 + Level 2.8 Dodging
 - Level 2.6 Stealth
 - Level 4.0 Spellcasting
 + Level 6.6 Conjurations


You had 4 spell levels left.
You knew the following spells:

 Your Spells              Type           Power      Damage    Failure   Level
a - Magic Dart            Conj           100%       1d8       1%          1
b - Searing Ray           Conj           60%        2d6       1%          2
c - Dazzling Flash        Conj/Hex       34%        N/A       10%         3
d - Fulminant Prism       Conj/Hex       8%         3d6       32%         4

Your spell library contained the following spells:

 Spells                   Type           Power      Damage    Failure   Level
 Kiss of Death            Conj/Necr      68%        2d10      3%          1
 Sublimation of Blood     Necr           4%         N/A       19%         2
 Wereblood                Tmut           4%         N/A       19%         2
 Iskenderun's Mystic Bla  Conj/Tloc      17%        2d5       32%         4
 Confusing Touch          Hex            4%         N/A       36%         3
 Dispel Undead            Necr           4%         3d7       77%         4
 Summon Hydra             Summ           2%         N/A       100%        7


Dungeon Overview and Level Annotations

Branches:
Dungeon (4/15) Zot: 20329  Temple (1/1) D:4 Zot: 5970

Altars:
Elyvilon
Fedhas
Hepliaklqana
Kikubaaqudgha
Makhleb
Okawaru
Qazlal
Trog

Annotations:
D:4 Pikel


Innate Abilities, Weirdness & Mutations

You cannot wear most types of armour.
You are amphibious.
You can wear up to eight rings at the same time.
Your skin changes colour to match your surroundings (Stealth+).
Your rubbery body absorbs attacks. (AC +1, EV +1)
((You are camouflaged when in or above water. (Stealth+)))
You have tentacles for arms and can constrict up to eight enemies at once.


Message History

You kill the lemure!
That felt strangely unrewarding.
The searing ray hits Pikel but does no damage.
You finish channelling your searing ray.
Casting: Searing Ray (safe; 1% risk of failure)
Confirm with . or Enter, or press ? or * to list all spells.
Aiming: Searing Ray (safe; 1% risk of failure)
Press: ? - help, Shift-Dir - straight line, f - Pikel
Aim: Pikel, wielding a +2 whip of freezing and wearing a +0 robe (74% to hit)
The searing ray hits Pikel!
Pikel is moderately wounded. (Press . to maintain the ray.)
The searing ray hits Pikel.
Pikel is moderately wounded.
Pikel hits you with a +2 whip of freezing!
Pikel freezes you.
The searing ray misses Pikel.
Pikel hits you with a +2 whip of freezing!
Pikel freezes you.
The searing ray hits Pikel!
Pikel is heavily wounded.
You finish channelling your searing ray.
Pikel hits you with a +2 whip of freezing.
* * * LOW HITPOINT WARNING * * *
Pikel freezes you.
* * * LOW HITPOINT WARNING * * *
As you read the scroll labelled YTET SAWIRPHOATAEFU, it crumbles to dust.
Wisps of shadow whirl around you...
It was a scroll of summoning.
Pikel hits you with a +2 whip of freezing.
* * * LOW HITPOINT WARNING * * *
Pikel freezes you.
* * * LOW HITPOINT WARNING * * *
Casting: Searing Ray (safe; 1% risk of failure)
Confirm with . or Enter, or press ? or * to list all spells.
Okay, then.
It was a potion of resistance.
You feel protected. Pikel waves his whip at you.
Pikel hits you with a +2 whip of freezing!
You die...

### ### ### ## ##@#
#.###.## #. ##K##
##...#.#####. ##
######g##
##.##.#....# .#
#.....##
###..#####.# .#
#.###..## ##...##
#.# ### ##.#
##..#####..#..# #.#
..### ##.##
##..##.<####.######.
....###...##
#..5..## #........
...........# ##...##
#........


You could see Pikel (ally target) and a friendly hobgoblin (summoned).

Vanquished Creatures
  A black bear (D:4)
  2 ogres (D:4)
  A lemure (D:4)
  Natasha (twice) (D:4)
  An orc wizard (D:3)
  A gnoll (D:1)
  7 adders
  3 worms
  6 orcs (D:3)
  6 ball pythons
  2 bats
  7 endoplasms
  3 giant cockroaches
  7 goblins
  11 hobgoblins
  3 jackals (D:2)
  4 kobolds
  3 quokkas
  6 frilled lizards
  7 rats
83 creatures vanquished.

Notes
Turn   | Place    | Note
-------+----------+-------------------------------------------
     0 | D:1      | holysushi the Octopode Conjurer began the quest for the
                  | Orb.
     0 | D:1      | Reached XP level 1. HP: 11/11 MP: 3/3
   358 | D:1      | Reached XP level 2. HP: 17/17 MP: 1/5
   734 | D:1      | Reached XP level 3. HP: 21/21 MP: 2/7
  1263 | D:2      | Reached XP level 4. HP: 27/27 MP: 6/10
  1302 | D:2      | Learned a level 2 spell: Searing Ray
  1306 | D:2      | Learned a level 3 spell: Dazzling Flash
  1311 | D:2      | Learned a level 4 spell: Fulminant Prism
  1776 | D:3      | Found a faded altar of an unknown god.
  1816 | D:3      | Found an iron altar of Okawaru.
  1856 | D:3      | Reached skill level 1 in Fighting
  2001 | D:3      | Found a bloodstained altar of Trog.
  2217 | D:3      | Reached XP level 5. HP: 33/33 MP: 9/11
  2716 | D:4      | Noticed Natasha
  2724 | D:4      | Killed Natasha
  2725 | D:4      | Reached skill level 5 in Conjurations
  2849 | D:4      | Noticed an ogre
  2853 | D:4      | Killed an ogre
  2854 | D:4      | Reached XP level 6. HP: 39/39 MP: 8/12
  2863 | D:4      | Found a staircase to the Ecumenical Temple.
  2977 | Temple   | Entered the Ecumenical Temple
  3064 | D:4      | Noticed a black bear
  3072 | D:4      | Killed a black bear
  3073 | D:4      | Reached skill level 6 in Conjurations
  3435 | D:4      | Reached XP level 7. HP: 45/45 MP: 7/13
  3615 | D:4      | Noticed Natasha
  3619 | D:4      | Killed Natasha
  3651 | D:4      | Noticed Pikel
  3704 | D:4      | Mangled by Pikel

Illustrated notes

Levels and vault maps discovered:
D:1:      lordsloth_arrival_two_stooges, layout_basic
D:2:      layout_basic, st_stairs_7
D:3:      layout_basic, mainiacjoe_overflow_alcove_4,
          kennysheep_okawaru_gauntlet, basic_ecumenical_altar
D:4:      layout_layer_cave, minmay_temple_entry_tees, uniq_natasha, uniq_pikel
Temple:   hellmonk_temple_rainy

Skill      XL: |  1  2  3  4  5  6 |
---------------+-------------------+-----
Spellcasting   | 3 4 |  4.0
Fighting       | 1 2 |  2.0
Conjurations   | 5 6 |  6.6
Dodging        | |  2.8
Stealth        | |  2.6

Action                     |  1- 3 |  4- 6 |  7- 9 || total
---------------------------+-------+-------+-------++-------
  Melee: Rapier            |     9 |     2 |     1 ||    12
         Constrict         |     3 |       |       ||     3
         Tentacles         |     1 |       |       ||     1
   Cast: Magic Dart        |    62 |   107 |     6 ||   175
         Searing Ray       |       |    11 |     3 ||    14
    Use: Potion            |       |     2 |     1 ||     3
         Scroll            |       |       |     1 ||     1
   Stab: Sleeping          |     1 |       |       ||     1
 Armour: Skin              |     1 |     1 |       ||     2
  Dodge: Dodged            |    12 |    23 |     3 ||    38

Table legend: (Time is in decaauts)
 A = Elapsed time spent in this place.
 B = Non-inter-level travel time spent in this place.
 C = Inter-level travel time spent in this place.
 D = Time resting spent in this place.
 E = Time spent auto-exploring this place.
 F = Levels seen in this place.
 G = Mean time per level.
                   A        B        C        D        E       F      G
               +--------+--------+--------+--------+--------+-----+--------+
         Total |   3699 |   3584 |    115 |    357 |   2575 |   5 |  739.8 |
       Dungeon |   3670 |   3555 |    115 |    357 |   2565 |   4 |  917.5 |
        Temple |     29 |     29 |      0 |      0 |     10 |   1 |   29.0 |
               +--------+--------+--------+--------+--------+-----+--------+

Top non-repeatable levels by time:
     D:4: 1031 daAuts
     D:1: 979 daAuts
     D:3: 886 daAuts
     D:2: 772 daAuts
  Temple: 29 daAuts
